 Dungeon Crawl Stone Soup version 0.31.0 (webtiles) character file.

Game seed: 8870241972696128861

139 SnakkuSnakku7 the Chopper (level 5, -2/41 HPs)
             Began as a Formicid Cinder Acolyte on Jan 20, 2024.
             Was a High Priest of Ignis.
             Slain by a gnoll
             ... wielding a +0 flail
              (8 damage)
             ... on level 2 of the Dungeon.
             The game lasted 00:01:42 (1125 turns).

SnakkuSnakku7 the Chopper (Formicid Cinder Acolyte) Turns: 1125, Time: 00:01:43

Health: -2/41      AC:  6    Str: 21    XL:     5   Next: 46%
Magic:  6/6        EV:  9    Int: 13    God:    Ignis [*****.]
Gold:   61         SH:  0    Dex:  9    Spells: 6/6 levels left

rFire   + . .        a - -1 hand axe (flame)
rCold   . . .        (no shield)
rNeg    . . .        c - +0 scale mail
rPois   .            (helmet unavailable)
rElec   .            (no cloak)
rCorr   .            (no gloves)
SInv    +            (no boots)
Will    .....        (no amulet) Stlth
                     (no ring)
HPRegen 0.26/turn    (no ring)
MPRegen 0.10/turn

%: no passive effects
@: no status effects
A: permanent stasis, dig shafts and tunnels, antennae 3, four strong arms
a: Dig, Shaft Self, Renounce Religion, Fiery Armour, Foxfire Swarm, Rising Flame


You were on level 2 of the Dungeon.
You worshipped Ignis.
Ignis was extremely pleased with you.
You visited 1 branch of the dungeon, and saw 2 of its levels.

You collected 61 gold pieces.

Inventory:

Hand Weapons
 a - a -1 hand axe of flaming (weapon)
Armour
 b - a +0 robe
 c - a +0 scale mail (worn)
Scrolls
 d - a scroll of poison {unknown}
 g - a scroll of teleportation {unknown}
Potions
 e - a potion of mutation {unknown}
 f - a potion of might {unknown}


   Skills:
 - Level 3.2 Fighting
 + Level 5.7 Axes
 - Level 1.1 Spellcasting
 - Level 3.0 Fire Magic


You had 6 spell levels left.
You didn't know any spells.
Your spell library contained the following spells:

 Spells                   Type           Power      Damage    Failure   Level
 Scorch                   Fire           16%        2d5       34%         2


Dungeon Overview and Level Annotations

Branches:
Dungeon (2/15)

Altars:


Innate Abilities, Weirdness & Mutations

You cannot be hasted, slowed, berserked, paralysed or teleported.
You can dig through walls and to a lower floor.
You have a pair of large antennae on your head. (SInv)
Your four strong arms can wield two-handed weapons with a shield.


Message History

There is an open door here.
A gnoll comes into view. It is wielding a +0 spear.
A gnoll is nearby!
A gnoll comes into view. It is wielding a +0 flail.
Found a stone staircase leading down.
The gnoll shouts!
The gnoll hits you with a +0 spear.
You barely miss the gnoll. The gnoll misses you.
You closely miss the gnoll. The gnoll barely misses you.
You hit the gnoll. You burn the gnoll.
The gnoll is heavily wounded.
The gnoll hits you with a +0 spear.
You barely miss the gnoll.
The gnoll is heavily wounded.
You hit the gnoll but do no damage. The gnoll hits you with a +0 spear.
The gnoll hits you with a +0 flail.
You hit the gnoll. You burn the gnoll.
The gnoll is almost dead.
You hit the gnoll. You burn the gnoll. The gnoll hits you with a +0 spear.
The gnoll closely misses you.
You hit the gnoll but do no damage.
The gnoll is almost dead.
You hit the gnoll but do no damage. The gnoll barely misses you.
The gnoll hits you with a +0 flail!
You closely miss the gnoll.
The gnoll is almost dead.
You hit the gnoll. You burn the gnoll. The gnoll hits you with a +0 spear.
The gnoll hits you with a +0 flail!
* * * LOW HITPOINT WARNING * * *
You slash the gnoll! You burn the gnoll.
You kill the gnoll!
You closely miss the gnoll. The gnoll hits you with a +0 flail.
* * * LOW HITPOINT WARNING * * *
You barely miss the gnoll.
The gnoll is heavily wounded.
The gnoll completely misses you.
You hit the gnoll. You burn the gnoll.
The gnoll is almost dead.
The gnoll hits you with a +0 flail!
You die...

#......... ..>.......
#......... #.........
#......... ###
#.........
..##########g).......
#............@# #####
#..# ##....#.#......
##..#####รท...#.#......
#............#........
#............#.#......
###............#.#......
.............###.# .....
###..........# #.# .....
###..........# #.# ####


You could see a gnoll.

Vanquished Creatures
  Natasha (thrice) (D:2)
  2 gnolls (D:2)
  An adder (D:2)
  3 ball pythons
  2 bats (D:1)
  4 endoplasms (D:1)
  4 giant cockroaches
  2 goblins
  4 hobgoblins
  A kobold (D:1)
  2 quokkas
  4 frilled lizards
32 creatures vanquished.

Notes
Turn   | Place    | Note
-------+----------+-------------------------------------------
     0 | D:1      | SnakkuSnakku7 the Formicid Cinder Acolyte began the quest
                  | for the Orb.
     0 | D:1      | Reached XP level 1. HP: 18/18 MP: 2/2
   153 | D:1      | Reached XP level 2. HP: 24/24 MP: 3/3
   469 | D:1      | Reached skill level 4 in Axes
   469 | D:1      | Reached XP level 3. HP: 29/29 MP: 4/4
   669 | D:2      | Noticed Natasha
   678 | D:2      | Killed Natasha
   679 | D:2      | Reached XP level 4. HP: 11/35 MP: 5/5
   833 | D:2      | Reached skill level 5 in Axes
   850 | D:2      | Noticed Natasha
   871 | D:2      | Killed Natasha
   872 | D:2      | Reached XP level 5. HP: 17/41 MP: 6/6
   872 | D:2      | Noticed Natasha
   988 | D:2      | Killed Natasha
  1125 | D:2      | Slain by a gnoll

Illustrated notes

Levels and vault maps discovered:
D:1:      giann_bridges, layout_basic
D:2:      layout_basic, uniq_natasha

Skill      XL: |  1  2  3  4 |
---------------+-------------+-----
Axes           | 4 5 |  5.7
Fighting       | |  3.2
Spellcasting   | |  1.1
Fire Magic     | |  3.0

Action                     |  1- 3 |  4- 6 || total
---------------------------+-------+-------++-------
  Melee: Hand axe          |    80 |    71 ||   151
         Punch             |       |     1 ||     1
 Armour: Robe              |     4 |       ||     4
         Scale mail        |    55 |    50 ||   105
  Dodge: Dodged            |    42 |    39 ||    81
